 Dungeon Crawl Stone Soup version 0.15.0-12-gccce430 (webtiles) character file.

70507 Fluffy the Tortoise (level 14, -18/135 HPs)
             Began as a Minotaur Fighter on Aug 31, 2014.
             Was the Champion of Zin.
             Killed from afar by Asterion (25 damage)
             ... with an iron shot
             ... on Level 6 of the Lair of Beasts on Sept 1, 2014.
             The game lasted 02:54:15 (28311 turns).

Fluffy the Tortoise (Minotaur Fighter)             Turns: 28311, Time: 02:54:15

HP -18/135       AC 23     Str 26      XL: 14   Next: 94%
MP  20/25        EV 15     Int  5      God: Zin [******]
Gold 160         SH  0     Dex 20      Spells:  0 memorised, 13 levels left

rFire  . . .     SeeInvis .     H - +1 rod of inaccuracy (6/12)
rCold  + + .     Clarity  .     U - +2 chain mail {rC+}
rNeg   + + .     rCorr    .     (no shield)
rPois  .         rRot     .     (helmet restricted)
rElec  .         Spirit   .     X - +1 cloak
SustAb .         Warding  +     k - +0 pair of gloves
rMut   .         Stasis   .     M - +2 pair of boots {+Jump}
Gourm  .                        A - amulet of warding
MR     +....                    t - ring of positive energy
                                y - ring "Dutejeerch" {rC+ EV+2}

@: mighty, agile, very slightly contaminated, somewhat resistant to hostile
enchantments, extremely unstealthy
A: retaliatory headbutt, horns 2
a: Recite, Vitalisation, Imprison, Sanctuary, Cure All Mutations, Renounce
Religion, Evoke Jump Attack


You were on level 6 of the Lair of Beasts.
You worshipped Zin.
Zin was exalted by your worship.
You were very hungry.

You visited 6 branches of the dungeon, and saw 26 of its levels.
You also visited: Sewer.

You collected 2477 gold pieces.
You spent 2073 gold pieces at shops.
You donated 244 gold pieces to Zin.

Inventory:

Hand weapons
 E - a +4 great sword of flaming
 F - a +1 scimitar of freezing
Armour
 a - the -3 scale mail of Eternal Vigilance {+Rage Str+2 Slay+3}
   (You bought it in a shop on level 2 of the Orcish Mines)

   It affects your strength (+2).
   It affects your accuracy and damage with ranged weapons and melee attacks
   (+3).
   It lets you go berserk.
 j - a +0 shield
 k - a +0 pair of gloves (worn)
 M - a +2 pair of boots of jumping (worn)
 N - a +1 ring mail of poison resistance
 U - a +2 chain mail of cold resistance (worn)
 W - the +0 chain mail "Ryrisop" {+Fly rC+}
   (You found it on level 4 of the Lair of Beasts)

   It protects you from cold.
   It lets you fly.
 X - a +1 cloak (worn)
Magical devices
 b - a wand of lightning (0)
 f - a wand of slowing (8)
 z - a wand of fire (0)
 J - a wand of fireball (0)
 L - a wand of digging (13)
 S - a wand of cold (0)
 Z - a wand of digging (11)
Comestibles
 d - 12 bread rations
 o - 32 fruits
 u - 5 meat rations
 I - 10 royal jellies
Scrolls
 g - 10 scrolls of teleportation
 h - 4 scrolls of fog
 s - 5 scrolls of identify
 w - 4 scrolls of remove curse
 B - 3 scrolls of magic mapping
 D - 2 scrolls of fear
 R - 5 scrolls of blinking
Jewellery
 c - an uncursed ring of poison resistance
 m - an uncursed amulet of resist corrosion
 t - a ring of positive energy (right hand)
 v - an uncursed amulet of clarity
 y - the ring "Dutejeerch" (left hand) {rC+ EV+2}
   (You bought it in a shop on level 1 of the Orcish Mines)

   [ring of evasion]

   It affects your evasion (+2).
   It protects you from cold.
 A - an amulet of warding (around neck)
 K - an uncursed amulet of guardian spirit
 O - an uncursed ring of ice
 Q - an uncursed ring of ice
Potions
 l - 5 potions of flight
 p - a potion of cancellation
 q - a potion of magic
 r - 3 potions of curing
 x - a potion of cure mutation
 C - 2 potions of berserk rage
 G - a potion of restore abilities
 T - a potion of beneficial mutation
Rods
 H - a +1 rod of inaccuracy (6/12) (weapon)
   (You found it on level 8 of the Lair of Beasts)


   Skills:
 + Level 15.4 Fighting
 + Level 15.1 Long Blades
 + Level 15.4 Armour
 - Level 4.3 Dodging
 - Level 9.6 Shields
 + Level 11.8 Invocations
 + Level 0.2 Evocations


You had 13 spell levels left.
You didn't know any spells.

Dungeon Overview and Level Annotations

Branches:
Dungeon (9/15)             Temple (1/1) D:7             Orc (4/4) D:9
    Elf (0/3) Orc:4          Lair (8/8) D:9           Swamp (0/5) Lair:5
 Spider (1/5) Lair:6        Slime (3/6) Lair:7

Altars:
Ashenzari
Cheibriados
Dithmenos
Elyvilon
Fedhas
Kikubaaqudgha
Makhleb
Nemelex Xobeh
Okawaru
Qazlal
Sif Muna
Trog
Vehumet
Xom
Yredelemnul
Zin
The Shining One
Beogh
Jiyva

Shops:
Orc:1 =   Orc:2 [   Orc:3 *   Orc:4 (*([

Portals:
Hell: Lair:8

Annotations:
Lair:6 Asterion


Innate Abilities, Weirdness & Mutations

You reflexively headbutt those who attack you in melee.
You have a pair of horns on your head.


Message History

Read which item? (? for menu, Esc to quit)
Okay, then.
Wield which item (- for none, * to show all)? (? for menu, Esc to quit)
Your +4 great sword of flaming stops flaming.
H - a +1 rod of inaccuracy (12/12) (weapon)
Evoke which item? (* to show all) (? for menu, Esc to quit)
Aiming: Bolt of Inaccuracy
Press: ? - help, Shift-Dir - straight line, f/p - Asterion
Aim: Asterion, wielding a vampiric demon blade, wearing a glowing chain mail and wearing a shield (severely wounded, fast)
The narrow beam of energy misses Asterion.
The sanctuary disappears.
Evoke which item? (* to show all) (? for menu, Esc to quit)
Aiming: Bolt of Inaccuracy
Press: ? - help, Shift-Dir - straight line, f/p - Asterion
Aim: Asterion, wielding a vampiric demon blade, wearing a glowing chain mail and wearing a shield (severely wounded, fast)
The narrow beam of energy misses Asterion.
You are feeling very hungry.
Asterion conjures a destructive force in the name of Makhleb!
The iron shot hits you!
You die...

#.......... ###........
#####........
##P...........
#.............
###.......#.#...
####.H%......##....
#....(........##...
#.@........#.####.#
##........######..#
#.#......## #...#
###.<...## ##...
####.....## ##).
#...#>...# ##.#
#......######## #P..
###.......#..##.♣♣###..
##..........#...♣♣.P....


You could see Asterion and a spectral runed demon blade.

Vanquished Creatures
  An acid blob (Slime:3)
  2 azure jellies
  Gastronok (Lair:1)
  An orc warlord (Orc:4)
  Snorg (Lair:5)
  Fannar (Orc:3)
  6 hydras
  A sun demon (Lair:8)
  An orb spider (Spider:1)
  An orc knight (Orc:4)
  2 wolf spiders (Spider:1)
  6 orc sorcerers (Orc:4)
  3 griffons
  A shining eye (Slime:3)
  A wizard (Lair:8)
  A sixfirhy (Lair:8)
  11 elephants
  Joseph (Orc:1)
  4 black mambas
  Psyche (D:9)
  4 orange demons (Lair:8)
  A smoke demon (Lair:8)
  14 spiny frogs
  9 komodo dragons
  4 blue devils (Lair:8)
  Grinder (D:5)
  4 fire drakes
  2 red devils (Lair:8)
  A queen bee (Lair:7)
  A two-headed ogre (D:7)
  20 slime creatures
  4 polar bears
  3 jumping spiders
  16 blink frogs
  2 boulder beetles (Lair:5)
  2 trolls (D:9)
  2 wyverns (Lair:8)
  3 spriggans
  26 yaks
  4 redbacks (Lair:6)
  4 basilisks
  22 wolves
  5 wraiths (D:9)
  Grum (D:7)
  A warg (Orc:1)
  11 hippogriffs
  10 porcupines
  23 water moccasins
  The ghost of vatarom the Gusty, an average TeAE (D:4)
  3 ice beasts
  34 orc warriors
  4 black bears
  A spider (Spider:1)
  5 ogres
  A phantom (D:4)
  2 boring beetles
  4 centaurs
  13 crocodiles
  Sigmund (D:2)
  Duvessa (D:9)
  2 big kobolds (Sewer)
  7 giant frogs
  5 scorpions
  A troll zombie (D:9)
  24 killer bees (Lair:7)
  7 wights
  A troll skeleton (D:8)
  4 crimson imps
  A centaur zombie (D:6)
  Dowan (D:9)
  A giant frog skeleton (D:5)
  A goliath beetle (D:6)
  2 human zombies (D:9)
  11 hounds
  6 iguanas
  9 jellies
  20 orc priests
  5 worker ants
  2 orange rats (Lair:1)
  31 orc wizards
  15 sheep
  An ogre skeleton (D:4)
  A mottled dragon skeleton (D:9)
  A hound skeleton (D:4)
  A mummy (D:9)
  A worker ant zombie (D:9)
  75 green rats
  7 gnolls
  13 adders
  A shadow imp (D:7)
  4 worms
  3 giant mites
  5 orc zombies
  3 oozes
  189 orcs
  A bat zombie (D:5)
  4 giant cockroaches
  15 hobgoblins
  7 quokkas
  7 ball pythons
  15 bats
  2 giant geckos
  6 giant newts
  A giant spore (D:7)
  28 goblins
  4 jackals (D:1)
  A jackal skeleton (D:4)
  16 kobolds
  A kobold skeleton (D:5)
  2 orc skeletons
  A quokka skeleton (D:6)
  22 rats
  A rat skeleton (D:7)
  4 ballistomycetes (D:7)
  A fungus (Lair:7)
  2 plants
919 creatures vanquished.

Vanquished Creatures (others)
  A wolf spider (Spider:1)
  2 orc wizards
  An orc (Orc:4)
  3 fungi
  A plant (Lair:2)
8 creatures vanquished.

Grand Total: 927 creatures vanquished

Notes
Turn   | Place    | Note
--------------------------------------------------------------
     0 | D:1      | Fluffy, the Minotaur Fighter, began the quest for the Orb.
     0 | D:1      | Reached XP level 1. HP: 19/19 MP: 1/1
   230 | D:1      | Reached XP level 2. HP: 24/27 MP: 1/1
   411 | D:1      | Reached skill level 4 in Shields
   723 | D:2      | Noticed Sigmund
   849 | D:2      | Reached XP level 3. HP: 26/33 MP: 2/2
  1255 | D:2      | HP: 1/33 [something (9)]
  1273 | D:2      | Killed Sigmund
  1273 | D:2      | Reached XP level 4. HP: 15/41 MP: 2/2
  1905 | D:3      | Reached XP level 5. HP: 41/47 MP: 2/2
  1931 | D:3      | Reached skill level 5 in Shields
  2108 | D:3      | Found a glowing drain.
  2113 | Sewer    | Entered a sewer
  2247 | Sewer    | Reached skill level 5 in Fighting
  2247 | Sewer    | Reached skill level 5 in Armour
  2247 | Sewer    | Reached XP level 6. HP: 49/56 MP: 3/3
  2413 | Sewer    | HP: 2/56 [poisoned by a big kobold]
  2421 | Sewer    | HP: 2/56 [poisoned by a big kobold]
  3327 | D:4      | Reached XP level 7. HP: 54/61 MP: 3/3
  3400 | D:4      | Reached skill level 6 in Shields
  3483 | D:4      | Reached skill level 5 in Long Blades
  3983 | D:4      | Noticed vatarom's ghost (average TeAE)
  3997 | D:4      | Killed vatarom's ghost
  3997 | D:4      | Reached skill level 1 in Dodging
  4240 | D:4      | Found a sparkling altar of Nemelex Xobeh.
  4371 | D:5      | Entered Level 5 of the Dungeon
  4684 | D:5      | Reached XP level 8. HP: 71/71 MP: 3/3
  5206 | D:5      | Noticed Grinder
  5224 | D:5      | Paralysed by Grinder for 5 turns
  5253 | D:5      | Killed Grinder
  5253 | D:5      | Reached skill level 7 in Fighting
  5738 | D:6      | Found a shattered altar of Ashenzari.
  6045 | D:6      | Reached XP level 9. HP: 76/80 MP: 4/4
  6435 | D:6      | Reached skill level 8 in Shields
  6921 | D:7      | Found a staircase to the Ecumenical Temple.
  6941 | Temple   | Entered the Ecumenical Temple
  7084 | Temple   | Became a worshipper of Zin the Law-Giver
  7084 | Temple   | Acquired Zin's first power
  7124 | D:7      | Acquired Zin's second power
  7261 | D:7      | Found a snail-covered altar of Cheibriados.
  7291 | D:7      | Reached skill level 1 in Invocations
  7600 | D:8      | Noticed Grum
  7601 | D:8      | Found a shimmering altar of Xom.
  7918 | D:7      | Killed Grum
  8208 | D:8      | Reached skill level 9 in Shields
  8220 | D:8      | Found a shimmering altar of Xom.
  8220 | D:8      | Found a shimmering altar of Xom.
  8221 | D:8      | Found a shimmering altar of Xom.
  8278 | D:8      | Found a shimmering altar of Xom.
  8278 | D:8      | Found a shimmering altar of Xom.
  8279 | D:8      | Found a shimmering altar of Xom.
  8353 | D:8      | Acquired Zin's third power
  8380 | D:8      | Reached XP level 10. HP: 77/90 MP: 7/8
  8760 | D:9      | Found a staircase to the Lair.
  9248 | D:9      | Found a basalt altar of Yredelemnul.
  9307 | D:9      | Noticed Psyche
  9313 | D:9      | Killed Psyche
  9663 | D:9      | Found a staircase to the Orcish Mines.
  9793 | D:9      | Noticed Duvessa
  9793 | D:9      | Noticed Dowan
  9797 | D:9      | Killed Duvessa
  9802 | D:9      | Killed Dowan
 10218 | D:9      | Reached skill level 10 in Armour
 10229 | D:9      | Found a burning altar of Makhleb.
 10393 | Lair:1   | Entered Level 1 of the Lair of Beasts
 10404 | Lair:1   | Reached skill level 10 in Fighting
 10404 | Lair:1   | Reached skill level 5 in Invocations
 10651 | Lair:1   | Reached XP level 11. HP: 72/99 MP: 11/13
 10686 | Lair:1   | Reached skill level 10 in Long Blades
 11015 | Lair:1   | Noticed Gastronok
 11065 | Lair:1   | Killed Gastronok
 12205 | Lair:2   | Reached skill level 11 in Armour
 14105 | Lair:3   | Reached XP level 12. HP: 94/110 MP: 19/19
 14588 | Lair:4   | Got a dazzling chain mail
 14632 | Lair:3   | Identified the cursed +0 chain mail "Ryrisop" {+Fly rC+} (You found it on level 4 of the Lair of Beasts)
 14922 | Lair:4   | Reached skill level 12 in Armour
 15989 | Lair:5   | Found a staircase to the Swamp.
 16142 | Lair:5   | Noticed a seven-headed hydra
 16171 | Lair:5   | Killed a three-headed hydra
 16359 | Lair:5   | Noticed Snorg
 16368 | Lair:5   | Killed Snorg
 17141 | Lair:6   | Acquired Zin's fourth power
 17214 | Lair:6   | Reached skill level 13 in Armour
 17258 | Lair:6   | Reached XP level 13. HP: 65/119 MP: 15/22
 17295 | Lair:6   | Found a hole to the Spider Nest.
 17916 | Lair:7   | Found a viscous altar of Jiyva.
 17916 | Lair:7   | Found a staircase to the Slime Pits.
 18980 | Lair:7   | Reached skill level 10 in Invocations
 19412 | Lair:8   | Entered Level 8 of the Lair of Beasts
 19934 | Lair:8   | Found a burning altar of Makhleb.
 19960 | Lair:8   | Reached skill level 14 in Fighting
 19990 | Lair:8   | Found a gateway to Hell.
 20328 | Lair:8   | Reached XP level 14. HP: 83/132 MP: 16/25
 21340 | Slime:1  | Entered Level 1 of the Pits of Slime
 21343 | Slime:1  | Noticed an azure jelly
 21359 | Lair:7   | HP: 6/132 [azure jelly (22)]
 21359 | Lair:7   | Zin protects you from harm!
 21477 | Lair:6   | HP: 6/133 [large slime creature (22)]
 22380 | Slime:2  | Noticed an azure jelly
 22387 | Slime:2  | Killed an azure jelly
 22456 | Slime:3  | Noticed an acid blob
 22463 | Slime:3  | Killed an acid blob
 22551 | Slime:2  | Noticed an acid blob
 22599 | Lair:7   | Killed an azure jelly
 23087 | Lair:1   | Noticed an eight-headed hydra
 23094 | Lair:1   | Killed a five-headed hydra
 23142 | Orc:1    | Entered Level 1 of the Orcish Mines
 23315 | Orc:1    | Found Ziofriaz's Jewellery Emporium.
 23334 | Orc:1    | Noticed Joseph
 23347 | Orc:1    | Killed Joseph
 23383 | Orc:1    | Bought an uncursed ring of positive energy for 260 gold pieces
 23383 | Orc:1    | Bought an uncursed amulet of clarity for 260 gold pieces
 23383 | Orc:1    | Bought the cursed ring "Dutejeerch" {rC+ EV+2} for 273 gold pieces
 23390 | Orc:1    | Identified a +1 rod of inaccuracy (12/12) (You found it on level 8 of the Lair of Beasts)
 23507 | Orc:1    | Found a glowing silver altar of Zin.
 23684 | Orc:2    | Found Pream's Antique Armour Boutique.
 23704 | Orc:2    | Bought a pair of embroidered boots for 157 gold pieces
 23718 | Orc:2    | Bought a distressingly furry scale mail for 315 gold pieces
 23729 | Orc:2    | Identified the -3 scale mail of Eternal Vigilance {+Rage Str+2 Slay+3} (You bought it in a shop on level 2 of the Orcish Mines)
 24167 | Orc:2    | You fall through a shaft for 2 floors!
 24167 | Orc:4    | Entered Level 4 of the Orcish Mines
 24380 | Orc:3    | Noticed Fannar
 24389 | Orc:3    | Killed Fannar
 24389 | Orc:3    | Reached skill level 15 in Fighting
 24676 | Orc:3    | Found Patogey's General Store.
 25075 | Orc:4    | Found a roughly hewn altar of Beogh.
 25171 | Orc:4    | Found a staircase to the Elven Halls.
 25305 | Orc:4    | Found a roughly hewn altar of Beogh.
 25305 | Orc:4    | Found Cluwunk's Antique Weapon Shoppe.
 25313 | Orc:4    | Reached skill level 15 in Armour
 25419 | Orc:4    | Found a roughly hewn altar of Beogh.
 25509 | Orc:4    | Found a roughly hewn altar of Beogh.
 25658 | Orc:4    | Found a roughly hewn altar of Beogh.
 25716 | Orc:4    | Found a roughly hewn altar of Beogh.
 25716 | Orc:4    | Found Kiust's General Store.
 26186 | Orc:4    | Noticed an orc warlord
 26474 | Orc:4    | Found a roughly hewn altar of Beogh.
 26475 | Orc:4    | Found Gog Op Treuk's Antique Armour Shop.
 26482 | Orc:4    | Killed an orc warlord
 26482 | Orc:4    | Reached skill level 15 in Long Blades
 26705 | Orc:4    | Found Nudwomn's Antique Weapon Boutique.
 26947 | Orc:4    | Bought a fine cloak for 313 gold pieces
 26958 | Orc:4    | Identified the cursed -4 cloak of Sunlight {Str+1 Int+3} (You bought it in a shop on level 4 of the Orcish Mines)
 27028 | Orc:4    | Bought a scroll of enchant weapon for 135 gold pieces
 27032 | Orc:4    | Bought an uncursed ring of poison resistance for 360 gold pieces
 27313 | Spider:1 | Entered Level 1 of the Spider Nest
 27976 | Spider:1 | Noticed Asterion
 27983 | Spider:1 | Noticed a spectral weapon
 27992 | Lair:6   | Noticed a spectral weapon
 28284 | Lair:6   | Noticed a spectral weapon
 28296 | Lair:6   | HP: 6/135 [Asterion/vampiric demon blade (18)]
 28311 | Lair:6   | Killed from afar by Asterion

Action                   |  1- 3 |  4- 6 |  7- 9 | 10-12 | 13-15 || total
-------------------------+-------+-------+-------+-------+-------++-------
Melee: Long sword        |    82 |   173 |       |       |       ||   255
       Falchion          |       |    18 |    88 |       |       ||   106
       Short sword       |       |       |   182 |       |       ||   182
       Scimitar          |       |       |   213 |    67 |       ||   280
       Great sword       |       |       |       |   660 |  1047 ||  1707
Throw: Tomahawk          |       |    11 |    14 |    19 |       ||    44
Invok: Recite            |       |       |     4 |     5 |    17 ||    26
       Vitalisation      |       |       |       |       |     4 ||     4
       Sanctuary         |       |       |       |       |     3 ||     3
Evoke: Wand              |       |       |     3 |    11 |    40 ||    54
       Rod               |       |       |       |       |     2 ||     2
  Use: Scroll            |     7 |     3 |    11 |    14 |     5 ||    40
       Potion            |     3 |       |     3 |     2 |     6 ||    14
 Stab: Paralysed         |       |       |       |       |    27 ||    27
       Invisible         |       |       |       |       |     6 ||     6
       Confused          |       |       |       |       |     4 ||     4
  Eat: Chunk             |     1 |     6 |    17 |    29 |    18 ||    71
       Fruit             |       |       |       |     1 |     4 ||     5
       Pizza             |       |       |       |       |     7 ||     7
       Beef jerky        |       |       |       |       |     2 ||     2
